 Dungeon Crawl Stone Soup version 0.24-a0-317-g5cb8de4 (webtiles) character file.

Game seed: 17765569543596261011

3965 MisterFreud the Blocker (level 10, -4/88 HPs)
             Began as a Troll Monk on May 16, 2019.
             Was a High Priest of Okawaru.
             Slain by a two-headed ogre
             ... wielding a +0 giant club
              (19 damage)
             ... on level 8 of the Dungeon.
             The game lasted 00:10:50 (6528 turns).

MisterFreud the Blocker (Troll Monk)                Turns: 6528, Time: 00:10:51

Health: -4/88      AC:  7    Str: 24    XL:     10   Next: 2%
Magic:  11/11      EV: 12    Int:  6    God:    Okawaru [*****.]
Gold:   309        SH: 12    Dex: 14    Spells: 9/9 levels left

rFire    . . .     SeeInvis .     - Unarmed
rCold    . . .     Gourm    +   h - +1 shield
rNeg     . . .     Faith    .   a - +0 robe
rPois    .         Spirit   .   (helmet restricted)
rElec    .         Reflect  .   k - +0 cloak
rCorr    .         Harm     +   (gloves unavailable)
MR       .....                  (boots unavailable)
Stlth    ++........             s - amulet of harm
HPRegen  0.64/turn              B - +2 ring of dexterity
MPRegen  0.12/turn              (no ring)

@: no status effects
A: large, unfitting armour, claws 3, fast metabolism 3, gourmand, regeneration
1, shaggy fur 1, tough skin 3
a: Heroism, Finesse, Renounce Religion


You were on level 8 of the Dungeon.
You worshipped Okawaru.
Okawaru was extremely pleased with you.
You were very full.

You visited 2 branches of the dungeon, and saw 9 of its levels.

You collected 484 gold pieces.
You spent 175 gold pieces at shops.

Inventory:

Missiles
 c - 342 stones
 g - 7 silver javelins
 j - 5 large rocks (quivered)
 t - 17 boomerangs
 z - 7 silver boomerangs
Armour
 a - a +0 robe (worn)
 h - a +1 shield (worn)
 k - a +0 cloak (worn)
 C - the +0 shield of Ucuo {rCorr}
   (Okawaru gifted it to you on level 8 of the Dungeon)

   It provides partial protection from all sources of acid and corrosion.
 D - a scarf of resistance
Jewellery
 s - an amulet of harm (around neck)
 B - a +2 ring of dexterity (left claw)
Wands
 d - a wand of acid (6)
 q - a wand of polymorph (6)
 u - a wand of enslavement (5)
 v - a wand of paralysis (5)
 E - a wand of flame (16)
Scrolls
 e - 8 scrolls of remove curse
 l - a scroll of amnesia
 n - 6 scrolls of teleportation
 w - 2 scrolls of fear
 y - 2 scrolls of enchant weapon
 F - 3 scrolls of identify
Potions
 f - a potion of brilliance
 i - 3 potions of curing
 m - a potion of heal wounds {unknown}
 o - 2 potions of invisibility
 p - a potion of cancellation {unknown}
 r - a potion of degeneration {unknown}
 x - a potion of resistance
 A - a potion of might {unknown}
Comestibles
 b - 15 rations


   Skills:
 - Level 2.4 Fighting
 - Level 1.0 Throwing
 + Level 4.1 Dodging
 - Level 1.0 Stealth
 - Level 9.1 Shields
 + Level 8.1 Unarmed Combat
 + Level 3.4 Invocations


You had 9 spell levels left.
You didn't know any spells.
Your spell library contained the following spells:

 Spells                   Type           Power        Failure   Level  Hunger
 Beastly Appendage        Tmut           #.....       45%         1    ##.....
 Sticks to Snakes         Tmut           #.......     58%         2    ###....
 Spider Form              Tmut/Pois      #.........   83%         3    ####...
 Ice Form                 Ice/Tmut       #.......     99%         4    #####..
 Blade Hands              Tmut           #.........   100%        5    ######.


Dungeon Overview and Level Annotations

Branches:
Dungeon (8/15)             Temple (1/1) D:4
   Lair: D:8-11

Altars:
Ashenzari
Cheibriados
Dithmenos
Elyvilon
Fedhas
Gozag
Hepliaklqana
Kikubaaqudgha
Makhleb
Okawaru
Ru
Sif Muna
Trog
Uskayaw
Vehumet
Wu Jian
Xom
Yredelemnul
Zin
The Shining One

Shops:
D:4 *   D:6 [


Innate Abilities, Weirdness & Mutations

You are too large for most types of armour.
You have claws for hands.
Your metabolism is lightning-fast.
You like to eat raw meat.
Your natural rate of healing is unusually fast.
You are covered in fur. (AC +1)
You have extremely tough skin. (AC +3)


Message History

The stone hits the two-headed ogre but does no damage.
Quivering
j - 6 large rocks for throwing.
Throwing (i - inventory. (/) - cycle)
j - 6 large rocks (quivered)
Press: ? - help, Shift-Dir - straight line, f/p - two-headed ogre
Aim: a two-headed ogre, wielding two +0 giant clubs You throw a large rock.
The large rock hits the two-headed ogre!
The two-headed ogre is lightly wounded.
The two-headed ogre hits you with a +0 giant club!!
The two-headed ogre hits you with a +0 giant club!
You scratch the two-headed ogre.
The two-headed ogre is lightly wounded.
The two-headed ogre hits you with a +0 giant club! x2
* * * LOW HITPOINT WARNING * * *
You mangle the two-headed ogre!!
The two-headed ogre is heavily wounded.
You scratch the two-headed ogre but do no damage.
The two-headed ogre is heavily wounded.
The two-headed ogre hits you with a +0 giant club!
You die...

... ..#. ...... .#._.#.#######
..............# #####
#####....#.........# #...#
............).(O@..#######..<#
.........................#...#
##†......######.########.....####
#..#####.# #.# ###....##.. ...##
#.### #.# ##......##.#
##..####...####.# #..##.......
##.....##......### #.####....##
#######.#####.....## #.###..####
..###..........##..###......#


You could see a two-headed ogre.

Vanquished Creatures
  Prince Ribbit (D:5)
  A hungry ghost (D:8)
  Menkaure (D:6)
  Duvessa (D:5)
  An ice beast (D:5)
  3 sky beasts
  A black bear (D:8)
  3 phantoms
  4 ogres
  3 centaurs (D:7)
  4 bullfrogs
  Dowan (D:5)
  A wyvern zombie (D:7)
  4 scorpions
  3 wights (D:8)
  4 howler monkeys
  3 crimson imps
  2 jellies
  2 bullfrog zombies
  5 hounds
  3 orc priests
  4 bullfrog skeletons
  2 orc wizards (D:5)
  2 centaur skeletons
  3 iguanas
  6 worker ants
  2 killer bee zombies (D:8)
  A hound skeleton (D:8)
  A howler monkey zombie (D:8)
  2 worker ant zombies
  7 gnolls
  A howler monkey skeleton (D:7)
  8 adders
  2 shadow imps
  An ooze (D:2)
  2 worms
  A dart slug (D:1)
  4 leopard geckos
  22 orcs
  6 bats
  3 giant cockroaches
  8 goblins
  7 hobgoblins
  5 jackals
  5 frilled lizards
  A jackal zombie (D:6)
  11 kobolds
  A quokka skeleton (D:4)
  8 rats
177 creatures vanquished.

Notes
Turn   | Place    | Note
-------+----------+-------------------------------------------
     0 | D:1      | MisterFreud the Troll Monk began the quest for the Orb.
     0 | D:1      | Reached XP level 1. HP: 22/22 MP: 0/0
   398 | D:1      | Reached XP level 2. HP: 20/29 MP: 1/1
   924 | D:2      | Reached XP level 3. HP: 36/36 MP: 2/2
  1235 | D:2      | Found a glowing silver altar of Zin.
  1236 | D:2      | Noticed an angel
  1250 | D:2      | Found a sacrificial altar of Ru.
  1608 | D:2      | Noticed a scorpion
  1610 | D:2      | Killed a scorpion
  1610 | D:2      | Reached skill level 5 in Unarmed Combat
  1610 | D:2      | Reached XP level 4. HP: 44/44 MP: 3/3
  1946 | D:3      | Noticed a +0 dagger
  1946 | D:3      | Noticed a -2 hand axe
  1948 | D:3      | Found a hide-covered altar of Uskayaw.
  2299 | D:3      | Reached XP level 5. HP: 48/50 MP: 4/4
  2716 | D:3      | Found a glowing golden altar of the Shining One.
  2786 | D:3      | Found a deep blue altar of Sif Muna.
  3037 | D:4      | Found a staircase to the Ecumenical Temple.
  3051 | Temple   | Entered the Ecumenical Temple
  3082 | Temple   | Became a worshipper of Warmaster Okawaru
  3082 | Temple   | Reached * piety under Okawaru
  3082 | Temple   | Reached ** piety under Okawaru
  3490 | D:4      | Reached XP level 6. HP: 48/59 MP: 5/5
  3491 | D:4      | Found Waeraatt's General Store.
  3496 | D:4      | Bought a scroll of fear for 45 gold pieces
  3496 | D:4      | Bought a potion of resistance for 130 gold pieces
  3533 | D:5      | Entered Level 5 of the Dungeon
  3544 | D:5      | Reached skill level 1 in Shields
  3566 | D:5      | Noticed Prince Ribbit
  3579 | D:5      | Killed Prince Ribbit
  3579 | D:5      | Reached *** piety under Okawaru
  3579 | D:5      | Reached skill level 3 in Shields
  3579 | D:5      | Reached XP level 7. HP: 42/66 MP: 6/6
  3702 | D:5      | Reached skill level 4 in Shields
  3751 | D:5      | Reached skill level 5 in Shields
  3805 | D:5      | Reached XP level 8. HP: 17/74 MP: 7/7
  3977 | D:5      | Found an ornate altar of the Wu Jian Council.
  4092 | D:5      | Noticed Duvessa
  4093 | D:5      | Noticed Dowan
  4102 | D:5      | Killed Duvessa
  4102 | D:5      | Reached **** piety under Okawaru
  4102 | D:5      | Reached skill level 6 in Shields
  4105 | D:5      | Killed Dowan
  4352 | D:6      | Found a burning altar of Makhleb.
  4358 | D:6      | Found Bojuv's Armour Emporium.
  4391 | D:6      | Noticed Menkaure
  4417 | D:6      | HP: 2/74 [gnoll/+0 club (4)]
  4422 | D:6      | Found a radiant altar of Vehumet.
  4506 | D:6      | Killed Menkaure
  4506 | D:6      | Reached skill level 7 in Shields
  4699 | D:6      | Received a gift from Okawaru
  4735 | D:6      | Reached skill level 8 in Shields
  4877 | D:6      | Reached skill level 1 in Throwing
  4877 | D:6      | Reached XP level 9. HP: 62/80 MP: 8/8
  5283 | D:7      | Reached ***** piety under Okawaru
  5348 | D:7      | Reached skill level 9 in Shields
  5433 | D:7      | Reached skill level 1 in Invocations
  5689 | D:7      | Received a gift from Okawaru
  5749 | D:7      | Found an iron altar of Okawaru.
  6108 | D:8      | Received a gift from Okawaru
  6111 | D:8      | Got a scorched shield {god gift}
  6122 | D:8      | Identified the +0 shield of Ucuo {rCorr} (Okawaru gifted it
                  | to you on level 8 of the Dungeon)
  6368 | D:8      | Found an opulent altar of Gozag.
  6378 | D:8      | Found a radiant altar of Vehumet.
  6382 | D:8      | Reached XP level 10. HP: 88/88 MP: 11/11
  6521 | D:8      | Noticed a two-headed ogre
  6528 | D:8      | Slain by a two-headed ogre

Levels and vault maps discovered:
D:1:      moated_graveyard_arrival, layout_loops_ring, serial_forest,
          infiniplex_forest_diagonal, infiniplex_forest_clump_small,
          infiniplex_forest_lined_room_, infiniplex_forest_diagonal,
          infiniplex_forest_clump_tiny, infiniplex_forest_end_1,
          infiniplex_forest_end_3
D:2:      layout_loops_corners, zin_angel, nicolae_ru_the_path_less_chosen
D:3:      layout_basic, dancing_weapons_uskayaw, lemuel_round_altar,
          lemuel_coloured_pillars_altar
D:4:      corexii_shack_village, layout_gridville, lemuel_round_altar,
          minmay_temple_entry_water_ring, serial_shops, shop_fountains,
          grunt_decor_one_mirror, solitary_fountain
D:5:      layout_cave_pools, marbit_many_paths, first_ration,
          chequers_serial_rivers_large_a, uniq_duvessa, uniq_prince_ribbit1
D:6:      cheibrodos_fzero, layout_basic, nicolae_overflow_crystal_walls,
          fiery_altar_vehumet, serial_shops, shop, minmay_misc_feat_room,
          uniq_menkaure
D:7:      layout_basic, hangedman_decor_riveting, hex_tiny, minivault_19,
          kennysheep_okawaru_gauntlet
D:8:      layout_rooms, lemuel_crystal_altar, vehumet_altar_wand_db
Temple:   minmay_temple_bridge_abc

Skill      XL: |  1  2  3  4  5  6  7  8  9 |
---------------+----------------------------+-----
Unarmed Combat | 4 5 7 8 |  8.1
Shields        | 3 5 8 9 |  9.1
Throwing       | 1 |  1.0
Invocations    | 3 |  3.4
Dodging        | 4 |  4.1
Fighting       | |  2.4
Stealth        | |  1.0

Action                   |  1- 3 |  4- 6 |  7- 9 | 10-12 || total
-------------------------+-------+-------+-------+-------++-------
Melee: Unarmed           |    77 |   151 |   328 |     5 ||   561
Throw: Stone             |       |       |       |     1 ||     1
       Large rock        |       |       |       |     1 ||     1
  Use: Scroll            |       |     8 |     3 |       ||    11
       Potion            |       |       |     1 |       ||     1
 Stab: Sleeping          |     3 |     5 |     3 |       ||    11
       Invisible         |       |       |     1 |       ||     1
  Eat: Chunk             |    13 |    20 |    33 |       ||    66
       Ration            |     1 |       |       |       ||     1
Armor: Robe              |    32 |    55 |    62 |       ||   149
Dodge: Dodged            |    19 |    38 |    71 |       ||   128
Block: Shield            |    12 |    47 |   153 |     2 ||   214

Table legend:
 A = Non-vault XP
 B = Vault XP
 C = Vault XP percentage of total XP
 D = Non-vault monster count
 E = Vault monster count
 F = Vault count percentage of total count
                 A         B        C        D         E       F
            +---------+---------+-------+---------+---------+-------
      Total |    4516 |    1149 |  20.3 |     152 |      25 |  14.1
            +---------+---------+-------+---------+---------+-------
        D:1 |      20 |       0 |   0.0 |      12 |       0 |   0.0
        D:2 |     134 |       0 |   0.0 |      19 |       0 |   0.0
        D:3 |      60 |       0 |   0.0 |      25 |       0 |   0.0
        D:4 |     195 |      20 |   9.3 |      11 |      10 |  47.6
        D:5 |     841 |     556 |  39.8 |      25 |       4 |  13.8
        D:6 |     847 |     571 |  40.3 |      20 |      10 |  33.3
        D:7 |    1402 |       0 |   0.0 |      24 |       0 |   0.0
        D:8 |    1017 |       2 |   0.2 |      16 |       1 |   5.9
            +---------+---------+-------+---------+---------+-------
